 Dungeon Crawl Stone Soup version 0.27-a0-1220-g54dba09ff7 (webtiles) character file.

Game seed: 9070276114031667630

149294 Bnni the Warrior (level 16, -6/143 HPs)
             Began as a Demonspawn Brigand on June 7, 2021.
             Was the Champion of Makhleb.
             Mangled by a green very ugly thing (17 damage)
             ... on level 1 of the Depths.
             The game lasted 01:38:59 (28744 turns).

Bnni the Warrior (Demonspawn Brigand)              Turns: 28744, Time: 01:39:01

Health: -6/143     AC: 29    Str: 18    XL:     16   Next: 96%
Magic:  28/28      EV:  8    Int: 12    God:    Makhleb [******]
Gold:   1742       SH:  0    Dex: 16    Spells: 11/15 levels left

rFire    + . .     SeeInvis .   k - +8 glaive of the Guard {elec, spectral, AC+5}
rCold    + . .     Faith    .   (shield currently unavailable)
rNeg     + . .     Spirit   .   u - +0 plate armour {rC+}
rPois    +         Reflect  .   (helmet restricted)
rElec    .         Harm     .   U - +2 cloak {rPois}
rCorr    .         Rampage  +   r - +1 pair of gloves
Will     ++++.     Clarity  +   S - +1 pair of boots {rampage}
Stlth    ..........             Y - amulet of the Four Winds {rN+ Will+++ Clar}
HPRegen  0.33/turn              R - ring of protection from fire
MPRegen  0.21/turn              M - +4 ring of protection

@: studying Staves
A: antennae 2, molten scales 2, demonic guardian 2, icemail 1, condensation
shield
a: Renounce Religion, Minor Destruction, Lesser Servant of Makhleb, Major
Destruction, Greater Servant of Makhleb


You were on level 1 of the Depths.
You worshipped Makhleb.
Makhleb was exalted by your worship.
You visited 5 branches of the dungeon, and saw 26 of its levels.
You also visited: Trove, Gauntlet and Volcano.

You collected 3977 gold pieces.
You spent 2235 gold pieces at shops.

Inventory:

Hand Weapons
 d - the +7 bardiche of the Lumpy Brambles {drain, rF+}
   (You found it in a treasure trove)

   A truly terrible weapon, it drains the life of those it strikes.
   It protects you from fire.
 g - a +2 vorpal bardiche
 k - the +8 glaive of the Guard (weapon) {elec, spectral, AC+5}
   (You acquired it on level 6 of the Dungeon)

   Occasionally, upon striking a foe, it can discharge electrical energy and
   cause terrible harm.
   When it strikes, its spirit leaps out and fights alongside the wielder.
   It affects your AC (+5).
 m - the +10 triple crossbow "Roiffo" {flame, rN++ Str+5}
   (You found it on level 13 of the Dungeon)

   It causes projectiles fired from it to burn those they strike, causing extra
   injury to most foes and up to half again as much damage against particularly
   susceptible opponents.
   It affects your strength (+5).
   It greatly protects you from negative energy.
Missiles
 O - 203 bolts
Armour
 r - a +1 pair of gloves (worn)
 u - a +0 plate armour of cold resistance (worn)
 S - a +1 pair of boots of rampaging (worn)
 U - a +2 cloak of poison resistance (worn)
Jewellery
 f - a ring of protection from cold
 l - a ring of flight
 n - a ring of positive energy
 q - a ring of see invisible
 H - a ring of poison resistance
 L - a ring of resist corrosion
 M - a +4 ring of protection (right hand)
 R - a ring of protection from fire (left hand)
 Y - the amulet of the Four Winds (around neck) {rN+ Will+++ Clar}
   (You bought it in a shop on level 6 of the Dungeon)

   [amulet of nothing]

   It protects you from negative energy.
   It protects you against confusion.
   It greatly increases your willpower.
Wands
 a - a wand of flame (15)
 e - a wand of acid (12)
 A - a wand of paralysis (33)
 K - a wand of iceblast (24)
 T - a wand of polymorph (30)
Scrolls
 b - 8 scrolls of identify
 j - a scroll of summoning
 p - 6 scrolls of teleportation
 z - 5 scrolls of enchant weapon
 C - 4 scrolls of fear
 D - 4 scrolls of fog
 G - a scroll of blinking
Potions
 h - 12 potions of curing
 i - 4 potions of haste
 s - a potion of berserk rage
 v - 4 potions of might
 w - 3 potions of invisibility
 x - 6 potions of cancellation
 E - 4 potions of ambrosia
 J - 3 potions of flight
Miscellaneous
 t - a condenser vane
 N - a box of beasts


   Skills:
 + Level 18.2 Fighting
 - Level 2.6 Short Blades
 * Level 16.2 Polearms
 - Level 10.0 Crossbows
 - Level 1.7 Throwing
 - Level 8.0 Dodging
 - Level 4.0 Stealth
 - Level 16.0 Invocations


You had 11 spell levels left.
You knew the following spells:

 Your Spells              Type           Power      Damage    Failure   Level
a - Portal Projectile     Hex/Tloc       0%         N/A       100%        3
b - Apportation           Tloc           0%         N/A       100%        1

Your spell library contained the following spells:

 Spells                   Type           Power      Damage    Failure   Level
 Animate Skeleton         Necr           0%         N/A       100%        1
 Corona                   Hex            0%         N/A       100%        1
 Pain                     Necr           0%         1d4       100%        1
 Sting                    Tmut/Pois      0%         1d3       100%        1
 Summon Small Mammal      Summ           0%         N/A       100%        1
 Ensorcelled Hibernation  Hex/Ice        0%         N/A       100%        2
 Passwall                 Tmut/Erth      0%         N/A       100%        2
 Poisonous Vapours        Pois/Air       0%         N/A       100%        2
 Slow                     Hex            0%         N/A       100%        2
 Static Discharge         Conj/Air       0%         N/A       100%        2
 Confusing Touch          Hex            0%         N/A       100%        3
 Dazzling Flash           Conj/Hex       0%         N/A       100%        3
 Ignite Poison            Fire/Tmut/Pois 0%         N/A       100%        3
 Inner Flame              Hex/Fire       0%         N/A       100%        3
 Mephitic Cloud           Conj/Pois/Air  0%         N/A       100%        3
 Ozocubu's Armour         Ice            0%         N/A       100%        3
 Spider Form              Tmut/Pois      0%         N/A       100%        3
 Tukima's Dance           Hex            0%         N/A       100%        3
 Vampiric Draining        Necr           0%         2d6       100%        3
 Animate Dead             Necr           0%         N/A       100%        4
 Cause Fear               Hex            0%         N/A       100%        4
 Leda's Liquefaction      Hex/Erth       0%         N/A       100%        4
 Olgreb's Toxic Radiance  Pois           0%         N/A       100%        4
 Summon Lightning Spire   Summ/Air       0%         N/A       100%        4
 Agony                    Necr           0%         N/A       100%        5
 Borgnjor's Vile Clutch   Necr/Erth      0%         N/A       100%        5
 Fireball                 Conj/Fire      0%         3d3       100%        5
 Iskenderun's Battlesphe  Conj           0%         2d6       100%        5
 Lee's Rapid Deconstruct  Erth           0%         3d5*      100%        5
 Lightning Bolt           Conj/Air       0%         1d11      100%        5
 Silence                  Hex/Air        0%         N/A       100%        5
 Yara's Violent Unravell  Hex/Tmut       0%         3d3       100%        5
 Conjure Ball Lightning   Conj/Air       0%         3x3d6     100%        6
 Starburst                Conj/Fire      0%         8x6d3     100%        6
 Ignition                 Fire           0%         3d3       100%        8
 Shatter                  Erth           0%         3d5*      100%        9
 Tornado                  Air            0%         N/A       100%        9


Dungeon Overview and Level Annotations

Branches:
Dungeon (15/15)            Temple (1/1) D:5            Lair (6/6) D:9
  Swamp (0/4) Lair:4        Snake (0/4) Lair:2        Slime (0/5) Lair:6
    Orc (2/2) D:11            Elf (0/3) Orc:2        Vaults (0/5) D:13
 Depths (2/5) D:15        Volcano (visited)         Gauntlet (visited)

Altars:
Cheibriados
Dithmenos
Elyvilon
Fedhas
Gozag
Hepliaklqana
Kikubaaqudgha
Makhleb
Nemelex Xobeh
Okawaru
Qazlal
Ru
Trog
Uskayaw
Wu Jian
Xom
Yredelemnul
Zin
The Shining One
Beogh
Jiyva
Lugonu

Shops:
D:5 ?   D:6 *==   D:7 *   D:9 !   Orc:1 *!:(   Orc:2 ([:*

Portals:
Hell: Depths:1
Abyss: Depths:1


Innate Abilities, Weirdness & Mutations

You have a pair of antennae on your head.
You are mostly covered in molten scales. (AC +3)
A demonic guardian rushes to your aid.
A meltable icy envelope protects you from harm. (AC +0)
A meltable shield of frost defends you. (SH +0)


Message History

Your spectral weapon is splashed with acid.
Your spectral weapon shares its damage with you!
Your spectral weapon fades away.
An iron troll comes into view.
The green very ugly thing tentacle-slaps you.
You are poisoned.
The green very ugly thing poisons you!
The brown ugly thing gurgles horribly!
You feel extremely sick.
The deep troll shaman calls upon its god to speed up the deep troll.
The deep troll seems to speed up.
You feel extremely sick.
The purple ugly thing basks in the mutagenic energy from its kin and changes!
The deep troll closely misses you.
The deep troll claws you but does no damage. x2
The green very ugly thing tentacle-slaps you.
There is a stone staircase leading up, spattered with blood here.
Things that are here:
a +0 troll leather armour; a deep troll corpse
* * * LOW HITPOINT WARNING * * *
You feel extremely sick. The deep troll bites you!
* * * LOW HITPOINT WARNING * * *
The deep troll claws you.
* * * LOW HITPOINT WARNING * * *
A demonic guardian appears!
The deep troll claws you but does no damage.
The green very ugly thing tentacle-slaps you but does no damage.
You climb upwards.
* * * LOW HITPOINT WARNING * * *
You feel extremely sick.
There is a stone staircase leading down here.
You feel better.
The deep troll bites you but does no damage.
The deep troll claws you but does no damage.
The deep troll barely misses you. The deep troll bites you!
* * * LOW HITPOINT WARNING * * *
The deep troll claws you but does no damage. x2
The green very ugly thing tentacle-slaps you!
You die...

..............≈≈.......#...##
......##.....≈≈≈.≈......#####
..≈≈[.#......≈≈≈.≈......###.##
....[[...≈≈≈≈≈≈≈.............##
[..[<[[......≈≈≈≈..#.#....≈≈..#
...[)[....≈≈........###......##
......[...≈≈≈≈≈.≈≈≈..##.......#
..≈≈...[..≈≈≈≈≈..≈≈≈.##......##
..≈≈=≈....≈≈≈≈≈≈@≈≈≈......####
....≈≈....≈≈≈≈≈≈uT≈≈.....##
....≈≈≈....)..≈≈.≈......##
....≈≈≈≈.................#
........................###
..........................####
.............................#
..............≈≈.............##
....≈.........≈≈....(.##.###..##


You could see a green very ugly thing and a deep troll (fast).

Vanquished Creatures
  Saint Roka (Depths:1)
  A sphinx (Depths:1)
  The ghost of Xatzux the Corrupter of Planes, an adept GnAK of Lugonu (Orc:1)
  A fire giant (D:13)
  2 orc warlords
  4 very ugly things
  Azrael (Orc:2)
  3 spark wasps
  A vampire knight (Depths:1)
  A minotaur (Gauntlet)
  A dire elephant (Gauntlet)
  A red draconian (Volcano)
  A green death (Gauntlet)
  3 fire dragons
  4 ettins
  Snorg (D:12)
  A yaktaur captain (D:13)
  A great orb of eyes (Depths:1)
  The ghost of Fifetoef the Grappler, a journeyman TrWz of Ashenzari (D:12)
  A rakshasa (Depths:2)
  2 ogre magi
  8 hydras
  2 boulder beetles (D:14)
  4 centaur warriors
  A catoblepas (Lair:3)
  A death knight (D:12)
  5 death yaks
  A deep troll shaman (Depths:2)
  3 tengu warriors
  12 two-headed ogres
  A deep troll earth mage (Depths:2)
  An orc high priest (Orc:2)
  2 thrashing horrors (Gauntlet)
  7 hell knights (Depths:1)
  3 skeletal warriors
  5 iron trolls (Depths:2)
  5 deep trolls
  6 orc knights
  3 phantasmal warriors
  3 necromancers
  3 deep elf pyromancers
  2 oklob plants
  A fire giant zombie (Depths:1)
  2 manticores
  2 cyclopes
  2 orc sorcerers (Orc:2)
  15 elephants
  10 ugly things
  A tengu skeleton (Depths:1)
  7 black mambas
  3 torpor snails (Lair:6)
  Joseph (D:8)
  13 cane toads
  An orange demon (Gauntlet)
  A guardian serpent (Lair:2)
  2 unseen horrors
  A molten gargoyle (Volcano)
  3 gargoyles
  Maggie (D:6)
  An efreet (D:13)
  A tengu conjurer (D:15)
  10 komodo dragons
  A freezing wraith (D:15)
  A komodo dragon (shapeshifter) (D:11)
  3 rime drakes
  A queen bee (D:12)
  2 meliai (D:12)
  A jumping spider (shapeshifter) (D:15)
  6 hornets
  7 polar bears
  6 trolls
  18 blink frogs
  16 dream sheep
  A meliai zombie (D:11)
  An ettin skeleton (Depths:1)
  A redback (shapeshifter) (D:13)
  14 spriggans (Lair:6)
  A yak (shapeshifter) (D:15)
  4 shadows (Gauntlet)
  4 water elementals
  A fire bat (shapeshifter) (D:15)
  2 wyverns
  58 yaks
  2 wraiths
  6 fire bats (Volcano)
  6 fire elementals
  14 vampire mosquitoes
  A basilisk (Lair:1)
  Grum (D:8)
  2 steam dragons
  6 wargs
  2 acid dragons
  Duvessa (D:4)
  3 hell hounds (Orc:2)
  7 small abominations (Gauntlet)
  13 water moccasins
  A swamp drake (Lair:4)
  2 sky beasts
  3 black bears
  29 orc warriors
  2 ice beasts (D:6)
  A fire dragon simulacrum (Depths:1)
  3 boggarts (Lair:6)
  28 wolves
  6 centaurs
  6 ogres
  A phantom (D:5)
  15 bullfrogs
  A kobold brigand (D:10)
  2 gnoll sergeants
  Dowan (D:4)
  5 scorpions
  2 water moccasin skeletons
  11 killer bees
  6 howler monkeys
  4 electric eels (D:7)
  6 lava snakes
  4 centaur zombies
  2 jellies
  Crazy Yiuf (D:6)
  22 orc priests
  Jessica (D:2)
  3 iguanas
  18 orc wizards
  A killer bee zombie (D:8)
  2 howler monkey zombies
  Robin (D:2)
  10 gnolls
  5 adders
  2 river rats (D:5)
  A shadow imp (D:7)
  2 white imps
  2 ufetubi
  3 worms (D:2)
  2 dart slugs (D:4)
  48 orcs
  13 endoplasms
  7 giant cockroaches
  16 goblins
  10 hobgoblins
  5 jackals
  9 kobolds
  2 quokkas
  8 ball pythons
  10 bats
  4 frilled lizards
  9 rats
  A fire vortex (D:15)
761 creatures vanquished.

Vanquished Creatures (collateral kills)
  A very ugly thing (Depths:2)
  A rakshasa (Depths:1)
  2 hydras
  A death knight (D:14)
  A deep troll earth mage (Depths:2)
  A skeletal warrior (D:14)
  2 deep trolls (Depths:2)
  A swamp dragon (Lair:5)
  An ugly thing (Depths:2)
  A cane toad (Lair:6)
  A troll (D:8)
  A spriggan (Lair:6)
  A water moccasin (Lair:6)
  An orc warrior (Depths:1)
  A boggart (Lair:6)
  A black bear (Lair:6)
  2 wolves (Lair:6)
  A killer bee (D:12)
  A jelly (D:4)
  2 orcs
24 creatures vanquished.

Vanquished Creatures (others)
  A bush (Lair:4)
  46 fungi
  53 plants
100 creatures vanquished.

Grand Total: 885 creatures vanquished

Notes
Turn   | Place    | Note
-------+----------+-------------------------------------------
     0 | D:1      | Bnni the Demonspawn Brigand began the quest for the Orb.
     0 | D:1      | Reached XP level 1. HP: 16/16 MP: 1/1
   104 | D:1      | Gained mutation: You are partially covered in molten
                  | scales. (AC +2) [demonic ancestry]
   104 | D:1      | Reached XP level 2. HP: 18/22 MP: 2/2
   534 | D:1      | Gained mutation: A weak demonic guardian rushes to your
                  | aid. [demonic ancestry]
   534 | D:1      | Reached XP level 3. HP: 25/28 MP: 3/3
   558 | D:1      | Found a faded altar of an unknown god.
   924 | D:2      | Noticed Jessica
   935 | D:2      | Killed Jessica
   936 | D:2      | Reached skill level 3 in Fighting
   936 | D:2      | Gained mutation: A demonic guardian rushes to your aid.
                  | [demonic ancestry]
   936 | D:2      | Reached XP level 4. HP: 31/35 MP: 4/4
  1100 | D:2      | Noticed Robin
  1795 | D:2      | Identified a scroll of acquirement
  1795 | D:2      | Acquired a manual of Fighting
  1881 | D:2      | Reached skill level 4 in Fighting
  1887 | D:2      | Killed Robin
  2059 | D:3      | Found a sacrificial altar of Ru.
  2105 | D:3      | Reached skill level 1 in Dodging
  2153 | D:3      | Gained mutation: A meltable shield of frost defends you.
                  | (SH +0) [demonic ancestry]
  2153 | D:3      | Reached XP level 5. HP: 19/43 MP: 2/5
  2397 | D:3      | Reached skill level 5 in Fighting
  2446 | D:3      | Identified Sif Muna's Compendium of Icy Confrontation
  2801 | D:4      | Reached skill level 1 in Polearms
  2995 | D:4      | You fall into a shaft and drop 1 floor!
  2995 | D:5      | Entered Level 5 of the Dungeon
  3050 | D:5      | Reached XP level 6. HP: 33/51 MP: 6/6
  3205 | D:5      | Found a staircase to the Ecumenical Temple.
  3211 | Temple   | Entered the Ecumenical Temple
  3294 | Temple   | Became a worshipper of Makhleb the Destroyer
  3486 | D:5      | Found Pujimow's Magic Scroll Shop.
  3556 | D:5      | Noticed a sky beast
  3569 | D:5      | Killed a sky beast
  3570 | D:5      | Reached skill level 6 in Fighting
  3648 | D:5      | Found a snail-covered altar of Cheibriados.
  3958 | D:4      | Noticed Dowan
  3959 | D:4      | Noticed Duvessa
  3978 | D:4      | Killed Duvessa
  3978 | D:4      | Killed Dowan
  3979 | D:4      | Reached XP level 7. HP: 43/59 MP: 4/7
  4103 | D:4      | Reached skill level 7 in Fighting
  4847 | D:5      | Reached * piety under Makhleb
  4923 | D:6      | Reached skill level 5 in Polearms
  5083 | D:6      | Reached skill level 8 in Fighting
  5083 | D:6      | Gained mutation: You have a pair of small antennae on your
                  | head. [demonic ancestry]
  5083 | D:6      | Reached XP level 8. HP: 61/68 MP: 6/8
  5199 | D:6      | Found Atae's Jewellery Shop.
  5547 | D:6      | Found an opulent altar of Gozag.
  5566 | D:6      | Found Ophysm's General Store.
  5572 | D:6      | Noticed Maggie
  5590 | D:6      | Acquired the +8 glaive of the Guard {elec, spectral, AC+5}
  5591 | D:6      | Found the +8 glaive of the Guard {elec, spectral, AC+5}
  5621 | D:6      | Reached skill level 9 in Fighting
  5684 | D:6      | Found a bloodstained altar of Trog.
  5719 | D:6      | Found a hazy altar of Hepliaklqana.
  5810 | D:6      | Found a shadowy altar of Dithmenos.
  5886 | D:6      | Found a runed translucent door.
  5887 | D:6      | Noticed Crazy Yiuf
  5893 | D:6      | Killed Crazy Yiuf
  5897 | D:6      | Identified the +2 mace of the Three Dreams {vorpal, rPois
                  | SInv}
  5951 | D:6      | Found Ziop's Jewellery Shop.
  6174 | D:6      | Killed Maggie
  6267 | D:7      | Gained mutation: You are mostly covered in molten scales.
                  | (AC +3) [demonic ancestry]
  6267 | D:7      | Reached XP level 9. HP: 78/78 MP: 9/9
  6269 | D:7      | Reached skill level 10 in Fighting
  6325 | D:7      | Identified the Volume of Ashen Transformation
  6413 | D:7      | Found Ubryrirgh's Assorted Antiques.
  6459 | D:7      | Found an ornate altar of the Wu Jian Council.
  6498 | D:7      | Reached ** piety under Makhleb
  6899 | D:7      | Reached skill level 1 in Invocations
  7281 | D:8      | Noticed Grum
  7283 | D:8      | Killed Grum
  7346 | D:8      | Noticed Joseph
  7350 | D:8      | Killed Joseph
  7351 | D:8      | Reached skill level 11 in Fighting
  7553 | D:8      | Noticed a troll
  7559 | D:8      | Killed a troll
  7686 | D:8      | Reached XP level 10. HP: 88/88 MP: 13/13
  7711 | D:8      | Found a hide-covered altar of Uskayaw.
  8094 | D:9      | Found a staircase to the Lair.
  8165 | D:9      | Noticed a gargoyle
  8168 | D:9      | Killed a gargoyle
  8169 | D:9      | Reached skill level 5 in Invocations
  8215 | D:9      | Found Ukos Aga's Distillery.
  8306 | D:9      | Reached skill level 10 in Polearms
  8309 | D:9      | Reached skill level 12 in Fighting
  8635 | D:9      | Reached *** piety under Makhleb
  8798 | D:10     | Entered Level 10 of the Dungeon
  9278 | D:10     | Noticed a two-headed ogre
  9284 | D:10     | Killed a two-headed ogre
  9322 | D:10     | Found a sparkling altar of Nemelex Xobeh.
  9783 | D:11     | Noticed a four-headed hydra
  9791 | D:11     | Killed a nine-headed hydra
  9792 | D:11     | Reached skill level 13 in Fighting
  9792 | D:11     | Reached XP level 11. HP: 85/98 MP: 16/16
  9961 | D:11     | Noticed a centaur warrior
  9964 | D:11     | Killed a centaur warrior
  9980 | D:11     | Noticed a two-headed ogre
  9984 | D:11     | Killed a two-headed ogre
 10006 | D:11     | Found a staircase to the Orcish Mines.
 10242 | D:11     | Noticed a two-headed ogre
 10244 | D:11     | Killed a two-headed ogre
 10463 | D:12     | Noticed Fifetoef's ghost (journeyman TrWz)
 10470 | D:12     | Found a transporter.
 10478 | D:12     | Found a transporter.
 10559 | D:12     | Killed Fifetoef's ghost
 10691 | D:12     | Noticed a white ugly thing
 10695 | D:12     | Killed a white ugly thing
 10710 | D:12     | Noticed a two-headed ogre
 10715 | D:12     | Killed a two-headed ogre
 10716 | D:12     | Reached skill level 14 in Fighting
 10765 | D:12     | Reached XP level 12. HP: 107/107 MP: 18/18
 10783 | D:12     | Noticed Snorg
 10787 | D:12     | Killed Snorg
 10959 | D:12     | You fall into a shaft and drop 3 floors!
 10959 | D:15     | Entered Level 15 of the Dungeon
 10960 | D:15     | Noticed a tengu warrior
 10961 | D:15     | Killed a tengu warrior
 10979 | D:15     | Found a staircase to the Depths.
 10979 | D:15     | Noticed an ettin
 10981 | D:15     | Killed an ettin
 10981 | D:15     | Reached **** piety under Makhleb
 11323 | D:15     | Noticed an eight-headed hydra
 11327 | D:15     | Killed an eight-headed hydra
 11485 | D:14     | Noticed a death knight
 11499 | D:14     | Killed a death knight
 11501 | D:14     | Noticed a boulder beetle
 11511 | D:14     | Killed a boulder beetle
 11715 | D:14     | Found a gate leading to a gauntlet.
 11724 | Gauntlet | Entered a Gauntlet
 11724 | Gauntlet | Found a transporter.
 11727 | Gauntlet | Found a transporter.
 11731 | Gauntlet | Found a transporter.
 11736 | Gauntlet | Found a transporter.
 11742 | Gauntlet | Found a transporter.
 11746 | Gauntlet | Found a transporter.
 11748 | Gauntlet | Noticed a dire elephant
 11755 | Gauntlet | Found a transporter.
 11758 | Gauntlet | Found a transporter.
 11760 | Gauntlet | Noticed a green death
 11763 | Gauntlet | Found a transporter.
 11769 | Gauntlet | Found a transporter.
 11773 | Gauntlet | Found a transporter.
 11779 | Gauntlet | Found a transporter.
 11782 | Gauntlet | Found a transporter.
 11827 | Gauntlet | Found a transporter.
 11918 | Gauntlet | Killed a dire elephant
 11919 | Gauntlet | Reached skill level 15 in Fighting
 11919 | Gauntlet | Reached XP level 13. HP: 64/115 MP: 20/20
 12119 | Gauntlet | Killed a green death
 12125 | Gauntlet | Identified the ring of Pibbenn {Str+3 Int+6 Dex+3}
 12135 | Gauntlet | Reached skill level 10 in Invocations
 12163 | Gauntlet | Noticed a minotaur
 12171 | Gauntlet | Killed a minotaur
 12172 | Gauntlet | Reached skill level 5 in Dodging
 12192 | Gauntlet | Identified the +5 whip of Responsibility {vorpal, rPois
                  | rCorr Str+3 Dex+5}
 12669 | D:14     | Acquired 1059 gold pieces
 13105 | D:6      | Bought the amulet of the Four Winds {rN+ Will+++ Clar} for
                  | 658 gold pieces
 13105 | D:6      | Found the amulet of the Four Winds {rN+ Will+++ Clar}
 13186 | D:9      | Bought a potion of curing for 30 gold pieces
 13186 | D:9      | Bought a potion of heal wounds for 50 gold pieces
 13186 | D:9      | Bought a potion of curing for 30 gold pieces
 13186 | D:9      | Bought a potion of might for 40 gold pieces
 13239 | D:5      | Bought a scroll of enchant weapon for 105 gold pieces
 13239 | D:5      | Bought a scroll of enchant armour for 105 gold pieces
 13239 | D:5      | Bought a scroll of fog for 28 gold pieces
 13398 | D:6      | Bought a ring of protection from cold for 375 gold pieces
 13648 | D:13     | Found a gate to the Vaults.
 13880 | D:13     | Noticed a fire giant
 13887 | D:13     | Killed a fire giant
 13938 | D:13     | Identified the +10 triple crossbow "Roiffo" {flame, rN++
                  | Str+5}
 13946 | D:13     | Identified the +6 scimitar of Eternal Harmony {vorpal,
                  | rElec Int+3 Dex-4 SInv}
 14324 | D:13     | Reached skill level 1 in Crossbows
 15661 | D:15     | Reached skill level 16 in Fighting
 15661 | D:15     | Reached XP level 14. HP: 109/125 MP: 23/23
 15676 | D:15     | Found an opulent altar of Gozag.
 16024 | Lair:1   | Entered Level 1 of the Lair of Beasts
 16305 | Lair:1   | Reached ***** piety under Makhleb
 17214 | Lair:2   | Found a staircase to the Snake Pit.
 18182 | Lair:3   | Reached skill level 5 in Crossbows
 19277 | Lair:4   | Found a staircase to the Swamp.
 19331 | Lair:4   | Found a dark tunnel.
 19347 | Volcano  | Entered a volcano
 19484 | Volcano  | Found a bloodstained altar of Trog.
 19519 | Volcano  | Gained mutation: A meltable icy envelope protects you from
                  | harm. (AC +0) [demonic ancestry]
 19519 | Volcano  | Reached XP level 15. HP: 127/132 MP: 25/25
 19992 | Lair:5   | Reached ****** piety under Makhleb
 20108 | Lair:5   | Learned a level 3 spell: Portal Projectile
 20110 | Lair:5   | Learned a level 1 spell: Apportation
 20811 | Lair:6   | Entered Level 6 of the Lair of Beasts
 20903 | Lair:6   | Reached skill level 15 in Invocations
 20995 | Lair:6   | Found a staircase to the Slime Pits.
 20995 | Lair:6   | Found a viscous altar of Jiyva.
 21245 | Lair:6   | Identified the +2 broad axe "Ciez" {vorpal, Dex+3}
 21304 | Lair:6   | Reached skill level 17 in Fighting
 22348 | Orc:1    | Entered Level 1 of the Orcish Mines
 22432 | Orc:1    | Found Conela's Antique Weapon Shoppe.
 22487 | Orc:1    | Found Meugaetor's Distillery.
 22669 | Orc:1    | Found a runed translucent gate.
 22670 | Orc:1    | Found a runed translucent gate.
 22670 | Orc:1    | Found an opulent altar of Gozag.
 22691 | Orc:1    | Found a runed translucent gate.
 22696 | Orc:1    | Noticed Xatzux's ghost (adept GnAK)
 22722 | Orc:1    | Found Wujak's Assorted Antiques.
 22738 | Orc:1    | Killed Xatzux's ghost
 22774 | Orc:1    | Bought a runed glaive for 161 gold pieces
 22956 | Orc:1    | Found Zygeckist's Book Boutique.
 23067 | Orc:2    | Entered Level 2 of the Orcish Mines
 23141 | Orc:2    | Noticed an orc warlord
 23235 | Orc:2    | Noticed an orc warlord
 23312 | Orc:1    | Killed an orc warlord
 23674 | Orc:2    | Gained mutation: You have a pair of antennae on your head.
                  | [demonic ancestry]
 23674 | Orc:2    | Reached XP level 16. HP: 137/141 MP: 28/28
 23738 | Orc:2    | Found Joniy's General Store.
 23751 | Orc:2    | Bought a scroll of blinking for 90 gold pieces
 23751 | Orc:2    | Bought a potion of flight for 36 gold pieces
 23773 | Orc:2    | Found Ariah's Book Shoppe.
 23821 | Orc:2    | Found Cunnez's Antique Armour Shoppe.
 23828 | Orc:2    | Bought a runed scarf for 272 gold pieces
 23828 | Orc:2    | Bought a pair of glowing boots for 255 gold pieces
 23894 | Orc:2    | Found Vaseiff's Antique Weapon Shoppe.
 23938 | Orc:2    | Found a staircase to the Elven Halls.
 23984 | Orc:2    | Noticed Azrael
 23999 | Orc:2    | Killed Azrael
 24230 | Depths:1 | Entered Level 1 of the Depths
 24233 | Depths:1 | Noticed Saint Roka
 25169 | Depths:1 | Killed Saint Roka
 25416 | Depths:1 | Reached skill level 10 in Crossbows
 26256 | D:15     | Reached skill level 15 in Polearms
 26778 | Depths:1 | Noticed a sphinx
 26782 | Depths:1 | Killed a sphinx
 26794 | Depths:1 | Found a portal to a secret trove of treasure.
 27536 | Depths:1 | You paid a toll of +3 gold dragon scales to enter a
                  | treasure trove
 27537 | Trove    | Entered a treasure trove
 27541 | Trove    | Identified the +3 triple crossbow "Soceex" {elec, rPois rF+
                  | rCorr}
 27548 | Trove    | Identified the +7 bardiche of the Lumpy Brambles {drain,
                  | rF+}
 27550 | Trove    | Identified the +7 demon trident of the Secret Wonders
                  | {drain, *Rage rElec rF- Will+++}
 28204 | Depths:1 | Found a sacrificial altar of Ru.
 28430 | Depths:1 | Found a gateway to Hell.
 28558 | Depths:1 | Found a corrupted altar of Lugonu.
 28558 | Depths:1 | Found a one-way gate to the infinite horrors of the Abyss.
 28673 | Depths:2 | Reached skill level 18 in Fighting
 28744 | Depths:1 | Mangled by a green very ugly thing

Illustrated notes

Levels and vault maps discovered:
D:1:      co_arrival_square_in_a_square_in_a_square, layout_basic,
          hellmonk_ecumenical_altar_blasted, hangedman_feature_mirror
D:2:      kennysheep_six_static_rooms, layout_basic, uniq_jessica, uniq_robin
D:3:      layout_rooms, old_standard_altar, wad_orctagon
D:4:      layout_basic, uniq_duvessa
D:5:      layout_basic, nicolae_overflow_hidden_temple, temple_doors_e,
          serial_shops, nicolae_shop_crystal, portal_sewer_entry_b, minivault_5,
          kennysheep_decorative_pillar
D:6:      layout_loops_ring, general_overflow_altar, lightli_temple_of_fire,
          lemuel_coloured_pillars_altar, kennysheep_mini_moat, serial_shops,
          shop_statue, nicolae_shop_stone, shop, uniq_maggie,
          uniq_crazy_yiuf_cottage
D:7:      layout_basic, pf_just_have_faith, serial_shops,
          nicolae_shop_statue_plus, serial_bayou_lake_a
D:8:      layout_gridville, lemuel_crystal_altar, uniq_joseph, uniq_grum
D:9:      layout_loops_corners, lair_entry_dummy, serial_shops, shop,
          nrook_uturn
D:10:     layout_basic, overflow_temple_1_default, kennysheep_small_square
D:11:     layout_roguey, orc_0_dummy
D:12:     layout_irregular_city, gammafunk_ghost_hive, uniq_snorg
D:13:     minmay_strange_plus, layout_long_grid, hex_large
D:14:     layout_basic, gauntlet_entry_generic
D:15:     hangedman_depths_entry_civil_slaughter, layout_basic,
          minmay_parallelograms, grunt_gozag_breadcrumbs
Temple:   oiseaux_autumnal_temple
Lair:1:   layout_gridlike, grunt_megastairs_1, minmay_lair_oklob_chamber
Lair:2:   layout_layer_cave, minmay_snake_entry_spellcaster,
          infiniplex_staircase_pool_2
Lair:3:   layout_hall_layers
Lair:4:   layout_loops_ring, minmay_swamp_entry_reptiles,
          nicolae_volcano_entry_two_sided, grunt_forest_small_clearing_treed
Lair:5:   layout_roguey, hibernation_bobbens
Lair:6:   minmay_lair_end_enchanted_forest, layout_regular_city,
          dpeg_slime_entry_enclosed_altar
Orc:1:    layout_caves, serial_shops, nicolae_shop_window_shopping, shop,
          shop_statue, shop, shop, ebering_ghost_gozag, david_defended_altar_orc
Orc:2:    grunt_orc_cross, layout_caves, uniq_azrael
Depths:1: layout_cave_pools, abyss_entry_flame_altar, kennysheep_nondescript,
          grunt_metal_band, enter_trove_0, minmay_misc_feat_secret_circle,
          nicolae_ru_sacrificial_ziggurat, uniq_saint_roka
Depths:2: gammafunk_jiyva_shrine, layout_twisted_cross, hell_entry, abyss_entry,
          serial_shops, bzr_entry_road, minmay_misc_feat_nine_boxes,
          infiniplex_staircase_squiggle

Skill      XL: |  1  2  3  4  5  6  7  8  9 10 11 12 13 14 15 16 |
---------------+-------------------------------------------------+-----
Short Blades   | 2 |  2.6
Stealth        | 4 |  4.0
Fighting       | 3 4 5 6 8 9 11 13 14 15 16 17 18 | 18.2
Dodging        | 1 2 4 7 8 |  8.0
Polearms       | 1 4 5 7 9 11 13 14 16 | 16.2
Invocations    | 4 7 8 9 12 14 16 | 16.0
Crossbows      | 2 7 9 10 | 10.0
Throwing       | |  1.7

Action                   |  1- 3 |  4- 6 |  7- 9 | 10-12 | 13-15 | 16-18 || total
-------------------------+-------+-------+-------+-------+-------+-------++-------
Melee: Dagger            |    91 |       |       |       |       |       ||    91
       Rapier            |    43 |   234 |       |       |       |       ||   277
       Trident           |       |    34 |   138 |       |       |       ||   172
       Glaive            |       |       |    71 |   192 |   664 |   240 ||  1167
 Fire: Triple crossbow   |       |       |       |       |    12 |     3 ||    15
Throw: Dart              |     1 |    17 |    19 |    14 |       |       ||    51
Invok: Major Destruction |       |       |       |     2 |     4 |       ||     6
       Lesser Servant of |       |       |       |     1 |     3 |       ||     4
       Minor Destruction |       |       |       |       |     1 |       ||     1
       Greater Servant o |       |       |       |       |     3 |     3 ||     6
Evoke: Wand              |       |       |       |       |     2 |       ||     2
  Use: Scroll            |       |     7 |     8 |     7 |     9 |    10 ||    41
       Potion            |       |       |       |       |     3 |     8 ||    11
 Stab: Sleeping          |     9 |     4 |     9 |     4 |     1 |       ||    27
       Distracted        |       |       |     1 |     3 |    11 |     4 ||    19
       Invisible         |       |       |       |       |       |     4 ||     4
Armor: Ring mail         |    62 |   134 |    95 |    53 |     9 |       ||   353
       Plate armour      |       |       |       |       |    34 |    74 ||   108
       Gold dragon scale |       |       |       |       |   432 |   190 ||   622
Dodge: Dodged            |    69 |   131 |    70 |    36 |    91 |    49 ||   446
Block: Other             |       |    31 |    21 |    41 |   102 |    19 ||   214
       Reflection        |       |       |       |     5 |     1 |       ||     6

Table legend: (Time is in decaauts)
 A = Elapsed time spent in this place.
 B = Non-inter-level travel time spent in this place.
 C = Inter-level travel time spent in this place.
 D = Time resting spent in this place.
 E = Time spent auto-exploring this place.
 F = Levels seen in this place.
 G = Mean time per level.
                   A        B        C        D        E       F      G
               +--------+--------+--------+--------+--------+-----+--------+
         Total |  28905 |  26392 |   2513 |   5628 |  15479 |  29 |  996.7 |
       Dungeon |  18603 |  16601 |   2002 |   4136 |   9644 |  15 | 1240.2 |
        Temple |    113 |     85 |     28 |      0 |      0 |   1 |  113.0 |
          Lair |   6116 |   5828 |    288 |    381 |   4459 |   6 | 1019.3 |
  Orcish Mines |   1759 |   1669 |     90 |    336 |    877 |   2 |  879.5 |
        Depths |   1567 |   1463 |    104 |    610 |    497 |   2 |  783.5 |
         Trove |     36 |     36 |      0 |      0 |      0 |   1 |   36.0 |
       Volcano |    237 |    237 |      0 |      0 |      0 |   1 |  237.0 |
      Gauntlet |    469 |    469 |      0 |    165 |      0 |   1 |  469.0 |
               +--------+--------+--------+--------+--------+-----+--------+

Top non-repeatable levels by time:
    D:15: 3583 daAuts
Depths:1: 1496 daAuts
     D:6: 1418 daAuts
  Lair:6: 1407 daAuts
    D:12: 1385 daAuts
     D:2: 1346 daAuts
    D:14: 1309 daAuts
  Lair:2: 1254 daAuts
    D:13: 1237 daAuts
     D:4: 1208 daAuts
     D:9: 1198 daAuts
     D:7: 1176 daAuts
   Orc:1: 1121 daAuts
    D:10: 1061 daAuts
  Lair:1: 993 daAuts
